 Dungeon Crawl Stone Soup version 0.21.1-1-g345015f (webtiles) character file.

94 JrNeurotic the Skirmisher (level 4, -2/41 HPs)
             Began as a Minotaur Berserker on July 11, 2018.
             Was a Believer of Trog.
             Slain by flestrin's ghost (11 damage)
             ... on level 3 of the Dungeon.
             The game lasted 00:07:53 (1723 turns).

JrNeurotic the Skirmisher (Minotaur Berserker)      Turns: 1723, Time: 00:07:54

Health: -2/41      AC:  5    Str: 23    XL:     4   Next: 38%
Magic:  3/3        EV: 11    Int:  4    God:    Trog [**....]
Gold:   151        SH:  0    Dex:  9    Spells: 3/3 levels left

rFire    . . .     SeeInvis .   a - +1 spear
rCold    . . .     Gourm    .   (no shield)
rNeg     . . .     Faith    .   j - +0 ring mail
rPois    .         Spirit   .   (helmet restricted)
rElec    .         Reflect  .   (no cloak)
rCorr    .         Harm     .   (no gloves)
MR       .....                  (no boots)
Stlth    ..........             (no amulet)
HPRegen  0.13/turn              k - ring of flight
MPRegen  0.08/turn              (no ring)

@: lethally poisoned (-2 -> -4)
A: retaliatory headbutt, horns 2
a: Berserk, Trog's Hand, Burn Spellbooks, Renounce Religion, Evoke Flight


You were on level 3 of the Dungeon.
You worshipped Trog.
Trog was pleased with you.
You were not hungry.

You visited 1 branch of the dungeon, and saw 3 of its levels.

You collected 151 gold pieces.

Inventory:

Hand Weapons
 a - a +1 spear (weapon)
 l - a +0 shortbow
Armour
 b - a +0 animal skin
 j - a +0 ring mail (worn)
Jewellery
 k - a ring of flight (left hand)
Scrolls
 d - a scroll of fear {unknown}
 h - a scroll of magic mapping {unknown}
 m - 3 scrolls of remove curse {unknown}
Potions
 e - 2 potions of heal wounds
 f - a potion of mutation {unknown}
 g - a potion of curing {unknown}
Comestibles
 c - 5 rations
 i - 9 chunks of flesh


   Skills:
 * Level 4.9 Fighting
 * Level 4.8 Polearms
 * Level 2.8 Armour
 + Level 2.7 Dodging


You had 3 spell levels left.
You didn't know any spells.

Dungeon Overview and Level Annotations

Branches:
Dungeon (3/15)

Altars:
Makhleb

Annotations:
D:3 flestrin's ghost, amateur NaVM


Innate Abilities, Weirdness & Mutations

You reflexively headbutt those who attack you in melee.
You have a pair of horns on your head.


Message History

You hear an angry hiss.
You are engulfed in noxious fumes.
You choke on the stench!
You are confused.
Flestrin's ghost hits you!
A frilled lizard comes into view.
You feel less confused. Flestrin's ghost closely misses you.
You closely miss flestrin's ghost.
Flestrin's ghost is lightly damaged.
You feel sick. Flestrin's ghost hits you.
You barely miss flestrin's ghost.
Flestrin's ghost is lightly damaged.
Flestrin's ghost hits you!
* * * LOW HITPOINT WARNING * * *
You hit flestrin's ghost. You headbutt flestrin's ghost.
Flestrin's ghost is moderately damaged.
The frilled lizard closely misses you.
Flestrin's ghost lets out a mournful wail.
Flestrin's ghost hits you!
You die...

.....####.......###
#.##.#.#
..............)##
#....))#
...รท..####.....#
##....###
......####.....###
#..#.##
...#....##.#.....# #....#
#####.#.##.#.....###...##
#.#..#.#.....##...##
#.##..............#
..####.#....@l.#..# .##
#.#.....W.#..##### #.
#.#.....#........# #.
#.###.###........#
#.#...# ##.......#
....### #....r..# #.##
.........# ...
###.......# #.........


You could see flestrin's ghost, a frilled lizard and a rat (wandering).

Vanquished Creatures
  3 gnolls (D:3)
  2 adders (D:2)
  4 dart slugs (D:1)
  2 leopard geckos
  A giant cockroach (D:2)
  6 goblins
  2 hobgoblins (D:1)
  7 kobolds
  7 bats
  3 frilled lizards
  4 rats
41 creatures vanquished.

Notes
Turn   | Place    | Note
-------+----------+-------------------------------------------
     0 | D:1      | JrNeurotic the Minotaur Berserker began the quest for the Orb.
     0 | D:1      | Reached XP level 1. HP: 19/19 MP: 0/0
   114 | D:1      | Reached XP level 2. HP: 19/27 MP: 1/1
   622 | D:1      | Reached XP level 3. HP: 33/33 MP: 2/2
   975 | D:2      | Reached ** piety under Trog
  1078 | D:2      | Found a burning altar of Makhleb.
  1598 | D:3      | Reached XP level 4. HP: 41/41 MP: 3/3
  1705 | D:3      | Noticed flestrin's ghost (amateur NaVM)
  1723 | D:3      | Slain by flestrin's ghost

Skill      XL: |  1  2 |
---------------+-------+-----
Polearms       | 4 |  4.8
Fighting       | 4 |  4.9
Armour         | |  2.8
Dodging        | |  2.7

Action                   |  1- 3 |  4- 6 || total
-------------------------+-------+-------++-------
Melee: Spear             |    82 |    27 ||   109
       Headbutt          |    12 |     2 ||    14
Invok: Trog's Hand       |       |     1 ||     1
  Use: Scroll            |     3 |       ||     3
  Eat: Chunk             |     2 |     1 ||     3
Armor: Animal skin       |     6 |       ||     6
       Ring mail         |    10 |     6 ||    16
Dodge: Dodged            |    54 |     5 ||    59
